 Dungeon Crawl Stone Soup version 0.22-a0-224-g8cf3520 (webtiles) character file.

197 4thArraOfDagon the Skirmisher (level 5, -9/37 HPs)
             Began as an Octopode Arcane Marksman on Feb 19, 2018.
             Was a Believer of Wu Jian.
             Mangled by an orc warrior
             ... wielding a +0 flail
              (23 damage)
             ... on level 3 of the Dungeon.
             The game lasted 00:09:25 (1807 turns).

4thArraOfDagon the Skirmisher (OpAM)                Turns: 1807, Time: 00:09:26

Health: -9/37      AC:  4    Str: 10    XL:     5   Next: 75%
Magic:  5/5        EV: 19    Int: 16    God:    Wu Jian [**....]
Gold:   165        SH:  0    Dex: 17    Spells: 5/6 levels left

rFire    . . .     SeeInvis .   j - +2 short sword (drain)
rCold    . . .     Gourm    .   (no shield)
rNeg     . . .     Faith    .   (helmet restricted)
rPois    .         Spirit   .   (no amulet)
rElec    .         Reflect  .   p - +3 ring of protection
rCorr    .         Harm     .   (no ring)
MR       .....                  (no ring)
Stlth    ++++......             (no ring)
HPRegen  0.12/turn              (no ring)
MPRegen  0.09/turn              (no ring)
                                (no ring)
                                (no ring)

@: agile
A: almost no armour, stealthy swim, amphibious, 8 rings, constrict 8, antennae
1, camouflage 1, low mp 1, gelatinous body 1, MP-powered wands
a: Wall Jump, Renounce Religion


You were on level 3 of the Dungeon.
You worshipped Wu Jian.
Wu Jian was pleased with you.
You were not hungry.

You visited 1 branch of the dungeon, and saw 5 of its levels.

You collected 165 gold pieces.

Inventory:

Hand Weapons
 j - a +2 short sword of draining (weapon)
Missiles
 b - 3 javelins (quivered)
Jewellery
 p - a +3 ring of protection (left tentacle)
Scrolls
 d - a scroll of random uselessness {unknown}
 e - 2 scrolls of remove curse
 f - a scroll of enchant armour
 h - a scroll of magic mapping
 n - a scroll of blinking {unknown}
 o - 2 scrolls of teleportation {unknown}
Potions
 i - 2 potions of berserk rage
 l - a potion of ambrosia
 m - 2 potions of flight
Comestibles
 a - 3 rations


   Skills:
 + Level 4.2 Fighting
 - Level 4.0 Throwing
 - Level 2.0 Dodging
 - Level 1.0 Spellcasting
 - Level 3.0 Hexes


You had 5 spell levels left.
You knew the following spells:

 Your Spells              Type           Power        Failure   Level  Hunger
a - Corona                Hex            ##.....      7%          1    ##.....


Dungeon Overview and Level Annotations

Branches:
Dungeon (5/15)
 Temple: D:4-7

Altars:
Dithmenos
Gozag
Nemelex Xobeh
Wu Jian
Yredelemnul

Annotations:
D:5 Grinder


Innate Abilities, Weirdness & Mutations

You cannot wear most types of armour.
You are very stealthy in the water. (Stealth+)
You are amphibious.
You can wear up to eight rings at the same time.
You can use your tentacles to constrict eight enemies at once.
Your skin changes colour to match your surroundings (Stealth+).
Your rubbery body absorbs attacks. (AC +1, EV +1)
You have a pair of small antennae on your head.
Your magical capacity is low. (-10% MP)
You expend magic power (3 MP) to strengthen your wands.


Message History

There is a stone staircase leading up here.
Unknown command.
Unknown command.
Unknown command.
Unknown command.
Unknown command.
There is a stone staircase leading up here.
The orc warrior hits you with a flail!
You climb upwards.
There is a stone staircase leading down here.
Unknown command.
Unknown command.
You see here a club.
All of the chunks of flesh in your inventory have rotted away.
Found a scroll labeled ZAICLOD DIACE.
An adder comes into view.
You feel agile all of a sudden. The orc warrior hits you with a flail!!
Ouch! That really hurt!
You die...

#.# #.#
.#
#.###.#
#?..#.#
###.#.#
#.#S#
#.#.#
#o#.#
#.@.#
#####


You could see an orc warrior and an adder.

Vanquished Creatures
  A bullfrog skeleton (D:4)
  7 adders
  2 oozes (D:1)
  2 worms
  3 leopard geckos
  3 orcs
  3 ball pythons
  3 giant cockroaches
  15 goblins
  6 hobgoblins
  7 jackals
  8 kobolds
  A quokka (D:3)
  9 bats
  5 frilled lizards
  7 rats
82 creatures vanquished.

Notes
Turn   | Place    | Note
-------+----------+-------------------------------------------
     0 | D:1      | 4thArraOfDagon the Octopode Arcane Marksman began the quest for the Orb.
     0 | D:1      | Reached XP level 1. HP: 13/13 MP: 2/2
    70 | D:1      | Reached XP level 2. HP: 16/18 MP: 3/3
   129 | D:2      | Found a basalt altar of Yredelemnul.
   238 | D:2      | Found a sparkling altar of Nemelex Xobeh.
   244 | D:2      | Found an ornate altar of the Wu Jian Council.
   265 | D:2      | Became a worshipper of the Wu Jian Council
   362 | D:1      | Reached XP level 3. HP: 5/23 MP: 4/4
   620 | D:2      | Thaneod: zigi?
   666 | D:2      | Reached XP level 4. HP: 12/28 MP: 5/5
   709 | D:2      | Reached * piety under Wu Jian
   916 | D:2      | Found an opulent altar of Gozag.
   930 | D:2      | Thaneod: !stalk Thaneod
   971 | D:2      | beem: Thaneod the L27 DEFE^Veh in Zig:27 (cxc tiles), T:112596, runes: 5 (golden, silver, serpentine...), defenses: 20/21/16, stats: 11/41/22, >15 skills: Fighting,Dodging,Stealth,Shields,Spellcasting,Conjurations,Charms,Necromancy,Translocations,Transmutations,Fire Magic,Ice Magic,Air Magic,Earth Magic,Evocations, Max skills: Spellcasting,Conjurations,Necromancy,Fire Magic,Earth Magic,Evocations
   971 | D:2      | 4thArraOfDagon: ta
   975 | D:3      | Thaneod: !lg Thaneod
   979 | D:3      | beem: 895. Thaneod the Archmage (L27 DEFE of Vehumet), blasted by a balrug (divine providence) on Zig:25 on 2018-01-30 16:16:43, with 1663999 points after 158596 turns and 20:50:05.
  1284 | D:3      | Reached XP level 5. HP: 35/36 MP: 6/6
  1307 | D:3      | Reached ** piety under Wu Jian
  1536 | D:4      | Found a shadowy altar of Dithmenos.
  1566 | D:4      | Gained mutation: You expend magic power (3 MP) to strengthen your wands. [potion of mutation]
  1566 | D:4      | Gained mutation: Your magical capacity is low. (-10% MP) [potion of mutation]
  1566 | D:4      | Gained mutation: You have a pair of small antennae on your head. [potion of mutation]
  1702 | D:4      | Noticed an orc warrior
  1733 | D:5      | Entered Level 5 of the Dungeon
  1733 | D:5      | Noticed Grinder
  1733 | D:5      | Noticed a troll
  1807 | D:3      | Mangled by an orc warrior

Vault maps used:
D:1:      dpeg_arrival_tiny_k, minmay_fountain_box
D:2:      kennysheep_the_goblin_king, marbit_many_paths,
          yredelemnul_altar_generic, grunt_gozag_breadcrumbs,
          gammafunk_temple_overflow_statue
D:3:      minmay_goblin_kobold_house
D:4:      kennysheep_mini_moat, serial_shops, nicolae_shop_trees, first_ration,
          uniq_blork_the_orc
D:5:      nicolae_tso_swordbearing_angel, minmay_temple_entry_junction_2,
          minmay_misc_feat_square, uniq_duvessa, uniq_menkaure, uniq_edmund,
          uniq_pikel, uniq_grinder

Skill      XL: |  1  2  3  4  5 |
---------------+----------------+-----
Throwing       | 3 4 |  4.0
Fighting       | 3 4 |  4.2
Dodging        | |  2.0
Spellcasting   | |  1.0
Hexes          | |  3.0

Action                   |  1- 3 |  4- 6 || total
-------------------------+-------+-------++-------
Melee: Whip              |    63 |     5 ||    68
       Constrict         |    16 |    24 ||    40
       Unarmed           |     2 |       ||     2
       Tentacles         |     9 |    15 ||    24
       Short sword       |       |    88 ||    88
Throw: Javelin           |    23 |     3 ||    26
       Throwing net      |     2 |     1 ||     3
       Stone             |       |     5 ||     5
Invok: Lunge             |     2 |     9 ||    11
       Whirlwind         |       |    26 ||    26
       Wall Jump         |       |    10 ||    10
 Abil: Wall Jump         |       |     1 ||     1
  Use: Scroll            |     4 |     5 ||     9
       Potion            |       |     2 ||     2
 Stab: Sleeping          |     3 |     3 ||     6
  Eat: Chunk             |       |     3 ||     3
Armor: Skin              |     4 |     8 ||    12
Dodge: Dodged            |    43 |    47 ||    90

Table legend:
 A = Spawn XP
 B = Non-spawn XP
 C = Spawn XP percentage of total XP
 D = Spawn monster count
 E = Non-spawn monster count
 F = Spawn count percentage of total count
 G = Total turns spent on level
                    A         B        C        D         E        F      G
               +---------+---------+-------+---------+---------+-------+---------
         Total |       0 |     282 |   0.0 |       0 |      82 |   0.0 |  1807
               +---------+---------+-------+---------+---------+-------+---------
           D:1 |       0 |      33 |   0.0 |       0 |      15 |   0.0 |   356
           D:2 |       0 |      78 |   0.0 |       0 |      30 |   0.0 |   619
           D:3 |       0 |     114 |   0.0 |       0 |      28 |   0.0 |   491
           D:4 |       0 |      57 |   0.0 |       0 |       9 |   0.0 |   339
               +---------+---------+-------+---------+---------+-------+---------
